 Dungeon Crawl Stone Soup version 0.27-a0-550-ge92ec0ca06 (webtiles) character file.

Game seed: 11122542092563035384

201 sahdkjhfkaj the Chopper (level 5, 0/41 HPs)
             Began as a Barachi Fighter on Mar 7, 2021.
             Killed from afar by an orc wizard (2 damage)
             ... with a puff of flame
             ... on level 3 of the Dungeon.
             The game lasted 00:01:24 (2400 turns).

sahdkjhfkaj the Chopper (Barachi Fighter)           Turns: 2400, Time: 00:01:24

Health: 0/41       AC:  9    Str: 18    XL:     5   Next: 79%
Magic:  5/5        EV:  4    Int:  9    God:
Gold:   116        SH:  0    Dex: 11    Spells: 4/4 levels left

rFire    . . .     SeeInvis .   a - +0 war axe
rCold    . . .     Faith    .   c - +0 kite shield
rNeg     . . .     Spirit   .   l - +0 chain mail
rPois    .         Reflect  .   (no helmet)
rElec    .         Harm     .   (no cloak)
rCorr    .         Rampage  .   (no gloves)
Will     .....                  (no boots)
Stlth    ..........             (no amulet)
HPRegen  0.13/turn              (no ring)
MPRegen  0.09/turn              (no ring)

@: confused, slow
A: +LOS, amphibious, slowness 1, strong legs 1
a: Hop


You were on level 3 of the Dungeon.
You visited 1 branch of the dungeon, and saw 3 of its levels.

You collected 116 gold pieces.

Inventory:

Hand Weapons
 a - a +0 war axe (weapon)
Armour
 c - a +0 kite shield (worn)
 l - a +0 chain mail (worn)
Wands
 m - a wand of paralysis (5)
Scrolls
 b - 3 scrolls of teleportation {unknown}
 e - 5 scrolls of identify {unknown}
 h - a scroll of magic mapping {unknown}
 i - a scroll of fear {unknown}
 j - 2 scrolls of fog {unknown}
Potions
 d - 3 potions of might
 f - a potion of curing {unknown}
 g - a potion of haste {unknown}
 k - 2 potions of resistance {unknown}


   Skills:
 - Level 3.6 Fighting
 + Level 6.4 Axes
 - Level 3.6 Armour
 - Level 3.2 Shields


You had 4 spell levels left.
You didn't know any spells.
Your spell library was empty.

Dungeon Overview and Level Annotations

Branches:
Dungeon (3/15)

Altars:
Hepliaklqana


Innate Abilities, Weirdness & Mutations

You can be seen from farther away. (+LOS)
You are amphibious.
You cover ground slowly.
You can hop short distances.


Message History

You bump into the rock wall.
The orc wizard hits you but does no damage.
The orc wizard gestures at you while chanting.
The magic dart hits you.
* * * LOW HITPOINT WARNING * * *
The orc wizard points at you and mumbles some strange words.
The magic dart hits you.
* * * LOW HITPOINT WARNING * * *
You miss the orc wizard.
The orc wizard is almost dead.
The orc wizard hits you but does no damage.
You bump into the rock wall.
The orc wizard hits you but does no damage.
You barely miss the orc wizard.
The orc wizard is almost dead.
The orc wizard hits you but does no damage. x2
You bump into the rock wall.
The orc wizard points at you and mumbles some strange words.
You are more confused.
The orc wizard hits you with a +0 dagger.
* * * LOW HITPOINT WARNING * * *
Items here: ) [ †††.
You bump into the rock wall.
The orc wizard hits you but does no damage.
You barely miss the orc wizard.
The orc wizard is almost dead.
The orc wizard casts a spell at itself.
The orc wizard flickers and vanishes!
Deactivating autopickup; reactivate with Ctrl-A.
Something hits you but does no damage.
You bump into the rock wall.
Something hits you.
* * * LOW HITPOINT WARNING * * *
You bump into the rock wall.
You hear some strange, mumbled words.
Something tries to affect you, but you resist.
You bump into the rock wall.
You hear some strange, mumbled words.
A puff of flame appears from out of thin air!
The puff of flame hits you.
You die...

.!.# ###.?###
.#..... .# #.#..# .#
#.#..# .#
###.#.#.#.)# ####
.### ..........)#
#.. ...
##########{###.#
##.## #
#.#@##.######...##.#
####.....>.†.......#
##....####...#..# #
##.#.#.# #...##
#.#.[#.#.# #.###
##...#...###.#####.#
#..................#
#...................
#.........##.######.


There were no monsters in sight!

Vanquished Creatures
  5 orc wizards (D:3)
  2 adders
  2 worms
  4 dart slugs
  A leopard gecko (D:3)
  9 orcs
  6 bats
  3 giant cockroaches
  4 goblins
  7 hobgoblins
  3 frilled lizards
  7 kobolds
  6 rats
59 creatures vanquished.

Notes
Turn   | Place    | Note
-------+----------+-------------------------------------------
     0 | D:1      | sahdkjhfkaj the Barachi Fighter began the quest for the
                  | Orb.
     0 | D:1      | Reached XP level 1. HP: 18/18 MP: 1/1
   274 | D:1      | Reached skill level 3 in Axes
   274 | D:1      | Reached XP level 2. HP: 20/24 MP: 2/2
   916 | D:2      | Reached XP level 3. HP: 24/29 MP: 3/3
   930 | D:2      | Reached skill level 4 in Axes
  1132 | D:2      | Found a faded altar of an unknown god.
  1329 | D:2      | Found a hazy altar of Hepliaklqana.
  1794 | D:3      | Reached XP level 4. HP: 36/36 MP: 4/4
  1866 | D:3      | Reached skill level 5 in Axes
  1890 | D:3      | Reached XP level 5. HP: 16/41 MP: 5/5
  2222 | D:3      | Reached skill level 6 in Axes
  2398 | D:3      | HP: 2/41 [something (2)]
  2400 | D:3      | Killed from afar by an orc wizard

Illustrated notes

Levels and vault maps discovered:
D:1:      sevenhm_arrival_forest_fort_large_4, layout_loops_cross
D:2:      layout_rooms, nicolae_hepliaklqana_hippocampus,
          chequers_ecumenical_altar_simple_redux, minmay_indecisive_spiral
D:3:      layout_loops_ring, lemuel_zombie_altar_yredelemnul, zin_academy,
          minmay_fractal_squares_5, uniq_crazy_yiuf_cottage

Skill      XL: |  1  2  3  4  5 |
---------------+----------------+-----
Axes           | 3 4 5 6 |  6.4
Fighting       | |  3.6
Armour         | |  3.6
Shields        | |  3.2

Action                   |  1- 3 |  4- 6 || total
-------------------------+-------+-------++-------
Melee: War axe           |    90 |    91 ||   181
Armor: Scale mail        |    33 |       ||    33
       Chain mail        |       |    82 ||    82
Dodge: Dodged            |    24 |    10 ||    34
Block: Kite shield       |    55 |    25 ||    80

Table legend: (Time is in decaauts)
 A = Elapsed time spent in this place.
 B = Non-inter-level travel time spent in this place.
 C = Inter-level travel time spent in this place.
 D = Time resting spent in this place.
 E = Time spent auto-exploring this place.
 F = Levels seen in this place.
 G = Mean time per level.
                   A        B        C        D        E       F      G
               +--------+--------+--------+--------+--------+-----+--------+
         Total |   2772 |   2622 |    150 |      0 |   2123 |   3 |  924.0 |
       Dungeon |   2772 |   2622 |    150 |      0 |   2123 |   3 |  924.0 |
               +--------+--------+--------+--------+--------+-----+--------+

Top non-repeatable levels by time:
     D:1: 1074 daAuts
     D:2: 981 daAuts
     D:3: 716 daAuts
